ElectroGuy, lawful female dwarven Valkyrie ------------- |............#######` |...........| ------ #|...........-# |....| ###----.-----.--# |....- # #### ## # |....| `## # # # |....-## --------- # ## #### # a |..>.| # |.......-###### -.-----|-- # aaa aa |....| ### ....<...| |........| #--------- |a.a.%a ------ # |........######## |....)...| #-.......| ^...aaaa ##########-.......| # |......[.-#####|.......-#####|..a.aa --------- #......[..| #|....[..| --- ---------- #........| |.......| --------- ElectroGuy the Woman-at-arms Experience level: 11 Strength: 18/09 Dexterity: 13 Constitution: 19 Intelligence: 9 Wisdom: 11 Charisma: 11 Health: 0(123) Energy: 19(19) Def: 2 Gold: 373 Moves: 18233 Dungeon seed: 2jHZQgg1B2b4zRNv Game ID: ElectroGuy_1577560866 Your Inventory: Coins $ - 373 gold pieces Weapons a - the blessed rustproof +3 Excalibur (weapon in hand) h - a +1 elven dagger o - 4 +0 daggers (in quiver) u - 3 rusty +4 daggers F - a blessed +1 silver dagger (alternate weapon; not wielded) J - a blessed +0 worm tooth S - a rusty +0 dagger U - 3 +0 elven daggers Armor e - an uncursed thoroughly rusty +0 dwarvish iron helm (being worn) n - an uncursed thoroughly rusty +1 pair of iron shoes (being worn) q - an uncursed +0 Hawaiian shirt (being worn) z - an uncursed +0 small shield (being worn) Comestibles W - 2 uncursed food rations Rings w - an uncursed ring of fire resistance (on left hand) Z - an uncursed ring of polymorph control (on right hand) Wands b - a wand of digging (0:2) f - a wand of probing (0:3) i - a wand of cold (0:2) r - a wand of striking (0:4) M - a wand of teleportation (0:5) Tools d - an uncursed skeleton key s - an uncursed greased bag of holding v - an uncursed blindfold A - an uncursed stethoscope L - a +0 unicorn horn V - an uncursed mirror Contents of the bag of holding: 16737 gold pieces an uncursed C-ration 2 uncursed K-rations an uncursed egg 12 uncursed food rations 2 uncursed tripe rations a blessed scroll of blank paper 3 uncursed scrolls of blank paper 3 uncursed scrolls of create monster a blessed scroll of destroy armor an uncursed scroll of destroy armor an uncursed scroll of earth a cursed scroll of enchant armor an uncursed spellbook of cone of cold an uncursed spellbook of healing an uncursed spellbook of restore ability an uncursed ring of fire resistance an uncursed ring of poison resistance a wand of locking (1:3) a wand of magic missile (0:0) a wand of make invisible (0:7) a wand of make invisible (0:1) a blessed wand of speed monster (0:3) a wand of speed monster (0:2) a wand of striking (0:4) a wand of teleportation (0:0) an uncursed bugle a can of grease (0:2) an uncursed lock pick an uncursed oil lamp (0:0) a +0 pick-axe an uncursed towel an uncursed worthless piece of black glass 2 uncursed worthless pieces of green glass an uncursed worthless piece of orange glass 2 uncursed worthless pieces of red glass 3 uncursed worthless pieces of violet glass 4 uncursed worthless pieces of yellow glass Spells and supernatural/magical abilities: Name Level Category Fail Memory h - healing 1 healing 82% 58% W - pray for help -- divine ? -- Your skills at the end: Fighting Skills two weapon combat [Skilled] Weapon Skills dagger [Skilled] long sword [Expert] Spellcasting Skills Final Attributes: You were piously aligned. You were fire resistant. You were cold resistant. You were poison resistant. You were level-drain resistant. You were telepathic. You had automatic searching. You had infravision. You were invisible. You were stealthy. You could teleport. You had polymorph control. You were fast. You were unlucky. You are dead. Vanquished creatures: 2 titanotheres a captain a clay golem a nurse a frost giant a ghost a mind flayer a giant mimic 2 fire giants an ogre king a doppelganger 3 large mimics a long worm a couatl a fire elemental an earth elemental 3 hill giants 2 giant mummies a xorn 4 elf-lords a warg 4 small mimics 2 warhorses a xan a quantum mechanic a troll a sasquatch 2 wood golems 3 gelatinous cubes 2 pyrolisks a large dog a freezing sphere 3 shocking spheres a large cat a gargoyle 3 tengu 2 ochre jellies 2 mountain centaurs a human mummy a pit viper a carnivorous ape 2 ettin zombies a leather golem a Grey-elf an incubus a giant beetle 3 cockatrices 2 wolves 5 winter wolf cubs a lynx a panther 2 gremlins a spotted jelly 10 leprechauns an iron piercer 2 mumakil 2 giant spiders a horse an ice vortex 2 black lights 2 vampire bats 3 gnome kings 2 dwarf mummies 3 ogres 2 brown puddings 4 rust monsters 2 owlbears 3 yetis a gold golem 2 werewolves 5 Green-elves a lizard a chickatrice 2 dingos a housecat a dwarf lord a blue jelly a white unicorn a black unicorn a dust vortex 2 plains centaurs 2 gnome mummies 4 apes 6 human zombies 7 Woodland-elves 5 soldier ants 21 fire ants 10 bugbears an imp a quasit a water nymph 2 mountain nymphs 4 Mordor orcs 6 Uruk-hai 2 rock piercers 2 rock moles 2 ponies a fog cloud 5 yellow lights 9 shriekers 2 violet fungi 13 gnome lords 4 gnomish wizards a kobold mummy a black naga hatchling a guardian naga hatchling 3 gray oozes a barrow wight 2 elf zombies a ghoul a paper golem a baby crocodile 12 giant ants 4 little dogs 11 floating eyes a kitten 5 dwarves 5 homunculi a kobold lord 12 hill orcs 17 rothes 2 rabid rats 4 centipedes 3 giant bats a monkey 2 orc zombies 3 wererats 2 werejackals 9 iguanas 20 killer bees 5 acid blobs 3 coyotes 5 gas spores 7 hobbits 7 manes 13 hobgoblins 4 giant rats 5 cave spiders 4 brown molds 5 yellow molds 3 red molds 22 gnomes 14 garter snakes 3 gnome zombies 9 geckos 12 jackals 5 foxes 6 kobolds 5 goblins 3 sewer rats 11 grid bugs 2 bats 7 lichens 2 kobold zombies 4 newts 548 creatures vanquished. Voluntary challenges: You had been an atheist until turn 2034. You used a wielded weapon 683 times, starting on turn 3. You read items or engraved 29 times, starting on turn 428. You never genocided any monsters. You never polymorphed an object. You changed form 2 times, starting on turn 12094. You used no wishes. You split 1 pudding, starting on turn 10224. You never wrote Elbereth's name. You violated your moral code, losing 376 points of alignment, starting on turn 1842. Dungeon overview: The Dungeons of Doom: levels 1 to 24 Level 1 a fountain a long staircase Level 2 some fountains Level 3 a general store Level 4 stairs to The Gnomish Mines Level 5 a fountain Level 6 many fountains Level 7 a fountain stairs to Sokoban Level 8 Level 9 a fountain, a throne Level 10 Level 11 Level 12 Level 13 a fountain portal to The Quest Level 14 a fountain Level 15 a fountain Level 16 a fountain Level 17 Level 18 a fountain Level 19 some fountains Level 20 an altar to Loki, a fountain Level 21 a fountain Level 22 <- You were here Level 23 an altar to Tyr, some fountains Level 24 The Gnomish Mines: levels 5 to 8 Level 5 stairs to The Dungeons of Doom Level 6 Level 7 Level 8 some shops, a temple to Odin, some fountains The Quest: Level 1 a fountain portal to The Dungeons of Doom Sokoban: levels 3 to 6 Level 3 Level 4 Level 5 Level 6 stairs to The Dungeons of Doom History has recorded: On T:1 you entered the Dungeons of Doom to retrieve the Amulet of Yendor! On T:575 you reached level 2 of The Dungeons of Doom. On T:820 you advanced to experience level 2. On T:913 you reached level 3 of The Dungeons of Doom. On T:954 you advanced to experience level 3. On T:967 you advanced to experience level 4. On T:1575 you reached level 4 of The Dungeons of Doom. On T:1832 you reached level 1 of The Gnomish Mines. On T:1904 you advanced to experience level 5. On T:2690 you reached level 2 of The Gnomish Mines. On T:2708 you advanced to experience level 6. On T:3511 you advanced to experience level 7. On T:3729 you reached level 3 of The Gnomish Mines. On T:4206 you reached level 4 of The Gnomish Mines. On T:4463 you advanced to experience level 8. On T:5135 you reached level 5 of The Dungeons of Doom. On T:5258 you reached level 6 of The Dungeons of Doom. On T:5474 you reached level 7 of The Dungeons of Doom. On T:5684 you reached level 4 of Sokoban. On T:5939 you reached level 3 of Sokoban. On T:6569 you reached level 2 of Sokoban. On T:7205 you reached level 1 of Sokoban. On T:8383 you advanced to experience level 9. On T:8662 you reached level 8 of The Dungeons of Doom. On T:8760 you reached level 9 of The Dungeons of Doom. On T:8850 you reached level 10 of The Dungeons of Doom. On T:8854 you reached level 11 of The Dungeons of Doom. On T:9031 you reached level 12 of The Dungeons of Doom. On T:11550 you reached level 13 of The Dungeons of Doom. On T:11609 you reached level 1 of The Quest. On T:11746 you advanced to experience level 10. On T:11871 you reached level 14 of The Dungeons of Doom. On T:12571 you reached level 15 of The Dungeons of Doom. On T:12977 you reached level 16 of The Dungeons of Doom. On T:13377 you reached level 17 of The Dungeons of Doom. On T:13796 you reached level 18 of The Dungeons of Doom. On T:14300 you reached level 19 of The Dungeons of Doom. On T:14762 you advanced to experience level 11. On T:15674 you reached level 20 of The Dungeons of Doom. On T:16416 you reached level 21 of The Dungeons of Doom. On T:16948 you reached level 22 of The Dungeons of Doom. On T:17116 you reached level 23 of The Dungeons of Doom. On T:17705 you reached level 24 of The Dungeons of Doom. Score breakdown: Gold: 17110 (14400 points) Experience: 11 levels (17616 points) Exploration: 24 levels ( 48.98%) (20766 points) Discoveries: 28 items ( 11.38%) (10121 points) Valuables value: (no points given unless you survive) Artifact value: 4000 (12253 points) Variety of kills: 155 monsters ( 40.68%) (19134 points) Turncount: 18233 turns (-3265 points) Survival: died (score multiplied by 80%) Total score: 72820 Latest messages: The fire ant bites! (2x) You're on fire, but it's not that hot. The fire ant bites! (2x) You're on fire, but it's not that hot. The fire ant bites! (2x) You're on fire, but it's not that hot. The fire ant bumps right into you! You begin praying to Tyr. The fire ant bites! (2x) You're on fire, but it's not that hot. The fire ant bites! (2x) You're on fire, but it's not that hot. The fire ant bumps right into you! The fire ant bites! (2x) You're on fire, but it's not that hot. The fire ant bumps right into you! The fire ant bites! (2x) You're on fire, but it's not that hot. The fire ant bites! You die... Final status: Farvel ElectroGuy the Valkyrie, killed by a fire ant, while praying... You died in The Dungeons of Doom on dungeon level 22 with 72820 points, and 17110 pieces of gold, after 18233 moves. You were level 11 with a maximum of 123 hit points when you died.